SL
JACKSONVILLE SUNS @ MONTGOMERY BISCUITS
08/20/2099
 
TOP OF THE 1ST
Jacksonville Suns batting - Pitching for Montgomery Biscuits : RHP Edgar Ferretti
Pitching: RHP Edgar Ferretti
Batting: RHB Chris Kern 0-0: Ball
1-0: Ground out 5-3 (Groundball, 56, EV 78.8 MPH)
Batting: RHB Dusty Evans 0-0: Called Strike
0-1: Fly out, F8 (Flyball, 8LD, EV 107.5 MPH)
Batting: RHB Kento Asakura 0-0: Called Strike
0-1: Ball
1-1: Foul Ball, location: 2F
1-2: Strikes out looking
Top of the 1st over - 0 runs, 0 hits, 0 errors, 0 left on base; Jacksonville 0 - Montgomery 0
BOTTOM OF THE 1ST
Montgomery Biscuits batting - Pitching for Jacksonville Suns : LHP Dan Urbanovsky
Pitching: LHP Dan Urbanovsky
Batting: SHB John Christopher 0-0: Swinging Strike
0-1: Ball
1-1: Ball
2-1: Foul Ball, location: 3DF
2-2: SINGLE (Line Drive, 9S, EV 91.9 MPH)
Batting: RHB Daniel Rodriguez 0-0: Foul Ball, location: 2F
0-1: Grounds into double play, 5-4-3 (Groundball, 56, EV 95.0 MPH)
Batting: RHB Edgar Rivas 0-0: Ball
1-0: Swinging Strike
1-1: Swinging Strike
1-2: Strikes out swinging, 2-3 out at first.
Bottom of the 1st over - 0 runs, 1 hit, 0 errors, 0 left on base; Jacksonville 0 - Montgomery 0
TOP OF THE 2ND
Jacksonville Suns batting - Pitching for Montgomery Biscuits : RHP Edgar Ferretti
Batting: LHB Dan Parker 0-0: Called Strike
0-1: Ball
1-1: Called Strike
1-2: Ball
2-2: Ball
3-2: Foul Ball, location: 5SF
3-2: Strikes out looking
Batting: LHB Matt Blish 0-0: Ball
1-0: Ball
2-0: Ball
3-0: Called Strike
3-1: Called Strike
3-2: Base on Balls
Batting: RHB Brett O'Grady 0-0: Ball
1-0: Ball
2-0: Called Strike
2-1: Foul Ball, location: 2F
2-2: Foul Ball, location: 3FF
2-2: Ball
3-2: Fly out, F8 (Flyball, 8RS, EV 92.5 MPH)
Batting: LHB Jake King 0-0: Foul Ball, location: 7LDF
0-1: Ball
1-1: Foul Ball, location: 5F
1-2: Strikes out swinging
Top of the 2nd over - 0 runs, 0 hits, 0 errors, 1 left on base; Jacksonville 0 - Montgomery 0
BOTTOM OF THE 2ND
Montgomery Biscuits batting - Pitching for Jacksonville Suns : LHP Dan Urbanovsky
Batting: RHB Bobby Williams 0-0: Ball
1-0: Ball
2-0: Foul Ball, location: 2F
2-1: Foul Ball, location: 2F
2-2: SINGLE (Line Drive, 7S, EV 105.6 MPH)
Batting: LHB Matt Flagg 0-0: Ball
1-0: Called Strike
1-1: SINGLE (Groundball, 5D, EV 97.5 MPH)
Bobby Williams to second
Batting: RHB Jeremy Richter 0-0: Ground out 6-3 (Groundball, 6MS, EV 73.8 MPH)
Bobby Williams to third
Matt Flagg to second
Batting: RHB Juan Parga 0-0: Ball
1-0: Foul Ball, location: 2F
1-1: Ball
2-1: Called Strike
2-2: Fly out, F9 (Flyball, 89M, EV 96.9 MPH)
Runner from 3rd tags up, SCORES, no throw by RF
Batting: RHB John Wiersema 0-0: Ball
1-0: Foul Ball, location: 9LDF
1-1: Ball
2-1: Called Strike
2-2: Foul Ball, location: 5FF
2-2: Foul Ball, location: 2F
2-2: SINGLE (Groundball, 34D, EV 106.3 MPH)
Matt Flagg to third
Runner from 3rd tries for Home, SAFE, throw by RF to home
Batting: LHB Adam Jensen 0-0: Ball
John Wiersema steals 2nd base
1-0: Foul Ball, location: 2F
1-1: Called Strike
1-2: Ball
2-2: Ground out 6-3 (Groundball, 6, EV 85.6 MPH)
Bottom of the 2nd over - 2 runs, 3 hits, 0 errors, 1 left on base; Jacksonville 0 - Montgomery 2
TOP OF THE 3RD
Jacksonville Suns batting - Pitching for Montgomery Biscuits : RHP Edgar Ferretti
Batting: RHB Jamie Klein 0-0: Ground out 1-3 (Groundball, P, EV 62.5 MPH)
Batting: RHB Jeremy Bennett 0-0: Ball
1-0: Ball
2-0: Fly out, F9 (Flyball, 89M, EV 89.4 MPH)
Batting: RHB Chris Kern 0-0: Called Strike
0-1: Called Strike
0-2: Ground out 6-3 (Groundball, 56, EV 85.0 MPH)
Top of the 3rd over - 0 runs, 0 hits, 0 errors, 0 left on base; Jacksonville 0 - Montgomery 2
BOTTOM OF THE 3RD
Montgomery Biscuits batting - Pitching for Jacksonville Suns : LHP Dan Urbanovsky
Batting: SHB John Christopher 0-0: Called Strike
0-1: Swinging Strike
0-2: Ball
1-2: Ball
2-2: Ball
3-2: Foul Ball, location: 2F
3-2: Ground out 6-3 (Groundball, 4M, EV 81.9 MPH)
Batting: RHB Daniel Rodriguez 0-0: Swinging Strike
0-1: Swinging Strike
0-2: Ball
1-2: Foul Ball, location: 23F
1-2: SINGLE (Line Drive, 9S, EV 108.1 MPH)
Batting: RHB Edgar Rivas 0-0: Ball
1-0: Called Strike
1-1: Foul Ball, location: 9LSF
1-2: Ball
2-2: Foul Ball, location: 7LSF
2-2: Ground out 5-3 (Groundball, 56S, EV 68.1 MPH)
Daniel Rodriguez to second
Batting: RHB Bobby Williams 0-0: Ball
1-0: DOUBLE (Line Drive, 89D, EV 105.6 MPH)
Daniel Rodriguez scores
Batting: LHB Matt Flagg 0-0: Swinging Strike
0-1: Ball
1-1: Ground out 4-3 (Groundball, 34, EV 90.6 MPH)
Bottom of the 3rd over - 1 run, 2 hits, 0 errors, 1 left on base; Jacksonville 0 - Montgomery 3
TOP OF THE 4TH
Jacksonville Suns batting - Pitching for Montgomery Biscuits : RHP Edgar Ferretti
Batting: RHB Dusty Evans 0-0: Ball
1-0: Called Strike
1-1: Called Strike
1-2: Ball
2-2: Ball
3-2: Ground out 4-3 (Groundball, 34, EV 106.3 MPH)
Batting: RHB Kento Asakura 0-0: Called Strike
0-1: Swinging Strike
0-2: Ball
1-2: Strikes out swinging
Batting: LHB Dan Parker 0-0: Called Strike
0-1: Fly out, F7 (Flyball, 7S, EV 85.6 MPH)
Top of the 4th over - 0 runs, 0 hits, 0 errors, 0 left on base; Jacksonville 0 - Montgomery 3
BOTTOM OF THE 4TH
Montgomery Biscuits batting - Pitching for Jacksonville Suns : LHP Dan Urbanovsky
Batting: RHB Jeremy Richter 0-0: Foul Ball, location: 3F
0-1: Ball
1-1: Foul Ball, location: 9LDF
1-2: SINGLE (Line Drive, 7S, EV 90.0 MPH)
Batting: RHB Juan Parga 0-0: Ball
1-0: Ball
2-0: Ball
3-0: Base on Balls
Jeremy Richter to second
Batting: RHB John Wiersema 0-0: Swinging Strike
0-1: Ball
1-1: Ball
2-1: Ball
3-1: Base on Balls
Jeremy Richter to third
Juan Parga to second
Batting: LHB Adam Jensen 0-0: Ball
1-0: Foul Ball, location: 7LMF
1-1: Foul Ball, location: 7LMFF
1-2: DOUBLE (Line Drive, 89XD, EV 100.6 MPH)
Jeremy Richter scores
Juan Parga scores
John Wiersema to third
Pitching: RHP Salvador Rico
Batting: SHB John Christopher 0-0: Ball
1-0: Swinging Strike
1-1: Foul Ball, location: 2F
1-2: Ball
2-2: Ball
3-2: Foul Ball, location: 2F
3-2: Base on Balls
Batting: RHB Daniel Rodriguez 0-0: Called Strike
0-1: Fly out, F9 (Flyball, 9, EV 97.5 MPH)
Runner from 3rd tags up, SCORES, throw by RF
Adam Jensen to third
Batting: RHB Edgar Rivas 0-0: Foul Ball, location: 2F
0-1: Foul Ball, location: 2RF
0-2: Ball
1-2: Foul Ball, location: 2F
1-2: Ball
Wild Pitch!
Adam Jensen scores
John Christopher to second
2-2: Strikes out looking
Batting: RHB Bobby Williams 0-0: Ground out 5-3 (Groundball, 56S, EV 70.0 MPH)
Bottom of the 4th over - 4 runs, 2 hits, 0 errors, 1 left on base; Jacksonville 0 - Montgomery 7
TOP OF THE 5TH
Jacksonville Suns batting - Pitching for Montgomery Biscuits : RHP Edgar Ferretti
Batting: LHB Matt Blish 0-0: Ball
1-0: Called Strike
1-1: Fly out, F8 (Flyball, 8LM, EV 80.6 MPH)
Batting: RHB Brett O'Grady 0-0: Foul Ball, location: 3F
0-1: Swinging Strike
0-2: Foul Ball, location: 2F
0-2: Ball
1-2: Fly out, F9 (Flyball, 9D, EV 98.1 MPH)
Batting: LHB Jake King 0-0: Ball
1-0: Called Strike
1-1: SINGLE (Groundball, 4MD, EV 101.9 MPH)
Batting: RHB Jamie Klein 0-0: Swinging Strike
0-1: Called Strike
0-2: Ball
Jake King steals 2nd base
1-2: Ground out 6-3 (Groundball, 6, EV 81.9 MPH)
Top of the 5th over - 0 runs, 1 hit, 0 errors, 1 left on base; Jacksonville 0 - Montgomery 7
BOTTOM OF THE 5TH
Montgomery Biscuits batting - Pitching for Jacksonville Suns : RHP Salvador Rico
Batting: LHB Matt Flagg 0-0: Foul Ball, location: 2F
0-1: Foul Ball, location: 2F
0-2: Ball
1-2: Ground out U3 (Groundball, 3L, EV 105.6 MPH)
Batting: RHB Jeremy Richter 0-0: Called Strike
0-1: Ball
1-1: Ball
2-1: Ball
3-1: Foul Ball, location: 3DF
3-2: Fly out, F3 (Popup, 3SF, EV 78.8 MPH)
Batting: RHB Juan Parga 0-0: Swinging Strike
0-1: Ball
1-1: Called Strike
1-2: Strikes out looking
Bottom of the 5th over - 0 runs, 0 hits, 0 errors, 0 left on base; Jacksonville 0 - Montgomery 7
TOP OF THE 6TH
Jacksonville Suns batting - Pitching for Montgomery Biscuits : RHP Edgar Ferretti
Batting: RHB Jeremy Bennett 0-0: Foul Ball, location: 2F
0-1: Swinging Strike
0-2: Strikes out swinging, 2-3 out at first.
Batting: RHB Chris Kern 0-0: DOUBLE (Line Drive, 89M, EV 91.9 MPH)
Batting: RHB Dusty Evans 0-0: Ball
1-0: Swinging Strike
1-1: Ball
2-1: Foul Ball, location: 2F
2-2: Strikes out swinging
Batting: RHB Kento Asakura 0-0: Ball
1-0: DOUBLE (Line Drive, 9LM, EV 99.4 MPH)
Chris Kern scores
Batting: LHB Dan Parker 0-0: Swinging Strike
0-1: Ground out 6-3 (Groundball, 6, EV 101.3 MPH)
Top of the 6th over - 1 run, 2 hits, 0 errors, 1 left on base; Jacksonville 1 - Montgomery 7
BOTTOM OF THE 6TH
Montgomery Biscuits batting - Pitching for Jacksonville Suns : RHP Salvador Rico
Batting: RHB John Wiersema 0-0: Ball
1-0: Swinging Strike
1-1: Ball
2-1: Called Strike
2-2: Strikes out swinging
Batting: LHB Adam Jensen 0-0: Ball
1-0: Ball
2-0: Ball
3-0: Called Strike
3-1: Foul Ball, location: 7LMF
3-2: Foul Ball, location: 7LMF
3-2: Foul Ball, location: 2F
3-2: Foul Ball, location: 25FF
3-2: SINGLE (Line Drive, 89S, EV 106.3 MPH)
Batting: SHB John Christopher 0-0: Fly out, F9 (Flyball, 9, EV 94.4 MPH)
Batting: RHB Daniel Rodriguez 0-0: Ground out 5-3 (Groundball, 5L, EV 88.8 MPH)
Bottom of the 6th over - 0 runs, 1 hit, 0 errors, 1 left on base; Jacksonville 1 - Montgomery 7
TOP OF THE 7TH
Jacksonville Suns batting - Pitching for Montgomery Biscuits : RHP Edgar Ferretti
Batting: LHB Matt Blish 0-0: Foul Ball, location: 3SF
0-1: Foul Ball, location: 25F
0-2: Ball
1-2: Strikes out swinging
Batting: RHB Brett O'Grady 0-0: Ball
1-0: Fly out, F7 (Flyball, 7, EV 86.9 MPH)
Batting: LHB Jake King 0-0: Ball
1-0: Swinging Strike
1-1: Swinging Strike
1-2: Ball
2-2: Fly out, F8 (Flyball, 8RD, EV 92.5 MPH)
Top of the 7th over - 0 runs, 0 hits, 0 errors, 0 left on base; Jacksonville 1 - Montgomery 7
BOTTOM OF THE 7TH
Montgomery Biscuits batting - Pitching for Jacksonville Suns : RHP Salvador Rico
Batting: RHB Edgar Rivas 0-0: Ball
1-0: SINGLE (Groundball, 4MD, EV 95.6 MPH)
Batting: RHB Bobby Williams 0-0: Ball
1-0: Ball
2-0: Called Strike
2-1: Foul Ball, location: 9LDF
2-2: Ball
3-2: Base on Balls
Edgar Rivas to second
Pitching: RHP Emilio Anaya
Batting: LHB Matt Flagg 0-0: Called Strike
0-1: Foul Ball, location: 9LMF
0-2: Ball
1-2: Strikes out swinging
Batting: RHB Jeremy Richter 0-0: Ball
1-0: Fly out, F7 (Flyball, 7, EV 98.1 MPH)
Batting: RHB Juan Parga 0-0: Ball
1-0: Swinging Strike
1-1: SINGLE (Groundball, 13S, EV 71.3 MPH) (infield hit)
Edgar Rivas to third
Bobby Williams to second
Batting: RHB John Wiersema 0-0: Foul Ball, location: 2F
0-1: Called Strike
0-2: SINGLE (Line Drive, 78M, EV 99.4 MPH)
Edgar Rivas scores
Bobby Williams to third
Juan Parga to second
Runner from 3rd tries for Home, SAFE, throw by CF to home
Batting: LHB Adam Jensen 0-0: Fielders Choice at 2nd, 5-4 (Groundball, 56, EV 91.3 MPH)
Bottom of the 7th over - 2 runs, 3 hits, 0 errors, 2 left on base; Jacksonville 1 - Montgomery 9
TOP OF THE 8TH
Jacksonville Suns batting - Pitching for Montgomery Biscuits : RHP Edgar Ferretti
Batting: RHB Jamie Klein 0-0: Foul Ball, location: 2F
0-1: Foul Ball, location: 23F
0-2: Fly out, F5 (Popup, 6S, EV 80.0 MPH)
Batting: RHB Jeremy Bennett 0-0: Hit by Pitch
Batting: RHB Chris Kern 0-0: Called Strike
0-1: Ball
1-1: Called Strike
1-2: Foul Ball, location: 9LDF
1-2: Foul Ball, location: 9LDF
1-2: Ball
2-2: Grounds into double play, 6-4-3 (Groundball, 6, EV 83.1 MPH)
Top of the 8th over - 0 runs, 0 hits, 0 errors, 0 left on base; Jacksonville 1 - Montgomery 9
BOTTOM OF THE 8TH
Montgomery Biscuits batting - Pitching for Jacksonville Suns : RHP Emilio Anaya
Batting: SHB John Christopher 0-0: Ground out U3 (Groundball, 34, EV 83.1 MPH)
Batting: RHB Daniel Rodriguez 0-0: Ball
1-0: Called Strike
1-1: Ball
2-1: Foul Ball, location: 5FF
2-2: Strikes out swinging
Batting: RHB Edgar Rivas 0-0: Foul Ball, location: 3F
0-1: Swinging Strike
0-2: Foul Ball, location: 9LSF
0-2: Strikes out swinging
Bottom of the 8th over - 0 runs, 0 hits, 0 errors, 0 left on base; Jacksonville 1 - Montgomery 9
TOP OF THE 9TH
Jacksonville Suns batting - Pitching for Montgomery Biscuits : RHP Edgar Ferretti
Batting: RHB Dusty Evans 0-0: Ball
1-0: Ball
2-0: Swinging Strike
2-1: Foul Ball, location: 9LSF
2-2: Strikes out looking
Pinch Hitting: LHB Zach Cardillo 0-0: Called Strike
0-1: Called Strike
0-2: Ball
1-2: SINGLE (Groundball, 6MD, EV 103.8 MPH)
Batting: LHB Dan Parker 0-0: Grounds into double play, 3-6-3 (Groundball, 34, EV 88.1 MPH)
Top of the 9th over - 0 runs, 1 hit, 0 errors, 0 left on base; Jacksonville 1 - Montgomery 9
Wednesday, May 15th , 2024 - OOTP Baseball 24.11 Build 85